Map: Ley Lines

Players

wootwoot - Winner!

  • Race: Terran Terran
  • League: Diamond
  • Spawn Location: 1:00

IIIIIIIIII

  • Race: Protoss Protoss
  • League: Diamond
  • Spawn Location: 7:00

VOD

Have the link to the VOD?

Description

Time

  • Played on: April 3, 2025, 1:41 a.m.
  • Length: 7:27
Show
View Real Time Build Order
Export as new Build Order

wootwoot Terran - Winner!

Build Orders:  

Get SALT Encoding   

  12  0:00  SCV  
  13  0:12  SCV  
  14  0:19  Supply Depot  
  14  0:24  SCV  
  15  0:34  Refinery  
  15  0:41  SCV  
  16  0:51  Barracks  
  16  0:55  SCV  
  17  1:12  Barracks  
  17  1:27  Barracks  
  17  1:37  Reaper  
  18  1:41  Refinery  
  18  2:00  Orbital Command, Reaper  
  19  2:09  Reaper  
  19  2:14  Reaper  
  21  2:21  Supply Depot  
  21  2:28  SCV  
  22  2:32  Reaper  
  23  2:43  SCV, Reaper  
  25  2:47  Reaper  
  26  2:55  SCV  
  27  3:02  Supply Depot  
  27  3:04  Reaper  
  28  3:07  SCV  
  29  3:15  Reaper  
  29  3:19  SCV  
  31  3:24  Reaper  
  31  3:26  Barracks  
  32  3:27  Barracks  
  32  3:36  Reaper  
  33  3:47  Reaper  
  34  3:49  Engineering Bay  
  34  3:51  SCV  
  35  3:56  Reaper  
  37  4:14  Barracks  
  37  4:15  Reaper  
  37  4:16  Reaper  
  38  4:19  Reaper  
  39  4:28  Reaper  
  39  4:36  Missile Turret  
  39  4:41  SCV  
  40  4:48  Reaper  
  38  4:53  SCV  
  38  4:57  Reaper x2  
  40  5:02  Reaper  
  40  5:05  SCV  
  41  5:08  Reaper  
  42  5:18  SCV  
  42  5:20  Reaper  
  43  5:30  SCV  
  43  5:34  Reaper  
  44  5:38  Reaper  
  44  5:42  SCV  
  45  5:44  Reaper  
  45  5:49  Command Center  
  46  5:54  SCV  
  47  6:21  Marine x3  
  47  7:00  Marine x3  
Show
View Real Time Build Order
Export as new Build Order

IIIIIIIIII Protoss 

Build Orders:  

Get SALT Encoding   

  12  0:00  Probe  
  13  0:15  Pylon  
  13  0:17  Probe  
  14  0:29  Probe  
  14  0:35  Gateway  
  15  0:37  Probe  
  16  0:45  Probe  
  16  0:46  Assimilator  
  17  1:00  Probe  
  18  1:14  Probe  
  19  1:23  Cybernetics Core  
  19  1:28  Gateway  
  19  1:30  Zealot  
  21  1:33  Pylon  
  21  1:37  Probe  
  22  1:42  Assimilator  
  22  1:53  Probe  
  23  1:59  Stalker  
  25  2:08  Warp Gate  
  25  2:13  Shield Battery  
  25  2:14  Stalker  
  25  2:19  Probe  
  28  2:31  Probe  
  29  2:40  Stalker  
  29  2:41  Shield Battery, Pylon  
  31  3:01  Stargate  
  29  3:18  Stalker  
  29  3:23  Pylon  
  33  3:28  Shield Battery  
  33  3:35  Adept  
  33  3:42  Pylon  
  32  4:13  Nexus  
  32  4:16  Stalker x2  
  36  4:31  Pylon  
  36  4:41  Sentry  
  34  4:52  Stalker  
  30  5:00  Pylon  
  30  5:04  Gateway  
  30  5:07  Gateway, Sentry  
  31  5:18  Stalker  
  28  5:32  Stalker  
  28  5:34  Void Ray  
  30  5:43  Stalker  
  30  5:49  Probe  
  31  5:57  Stalker  
  26  6:10  Stalker  
  25  6:18  Probe  
Tags
 
Matchup
PvT
Replay Pack
B2M-Replays
Spawn Locations
Cross Positions
Add a new tag
Caveats
  • Supply blocks, unpowered buildings, or Contaminate may cause inaccurate times.
  • Supply counts are checked every 10 seconds.